 Seeded DCSS version 0.30-a0-310-g7d6cbdfea6 (webtiles) character file.

Game seed: 20221024 (custom seed)

1 flotson the Sneak (level 1, -3/18 HPs)
             Began as a Demonspawn Delver on Oct 24, 2022.
             Slain by an orc
             ... wielding a +0 mace of holy wrath
              (4 damage)
             ... on level 4 of the Dungeon.
             The game lasted 00:00:46 (99 turns).

flotson the Sneak (Demonspawn Delver)                 Turns: 99, Time: 00:00:47

Health: -3/18      AC:  3    Str: 12    XL:     1   Next: 16%
Magic:  1/1        EV: 11    Int: 11    God:
Gold:   0          SH:  0    Dex: 14    Spells: 0/0 levels left

rFire   . . .      SeeInvis .    h - +0 whip
rCold   . . .      Faith    .    (no shield)
rNeg    . . .      Spirit   .    b - +0 leather armour
rPois   .          Reflect  .    (no helmet)
rElec   .          Harm     .    (no cloak)
rCorr   .          Rampage  .    (no gloves)
Will    .....                    (no boots)
Stlth   ++........               (no amulet)
HPRegen 0.23/turn                (no ring)
MPRegen 0.07/turn                (no ring)

@: hasted, very quick
A: no striking features
a: no special abilities


You were on level 4 of the Dungeon.
You visited 1 branch of the dungeon, and saw 2 of its levels.

Inventory:

Hand Weapons
 a - a +0 hand axe
 h - a +0 whip (weapon)
Armour
 b - a +0 leather armour (worn)
Wands
 g - a wand of digging (3)
Scrolls
 c - a scroll of fog
 d - a scroll of magic mapping
 e - a scroll of fear


   Skills:
 + Level 3.0 Fighting
 - Level 1.7 Axes
 + Level 0.0 Armour
 + Level 1.8 Dodging
 - Level 4.5 Stealth
 + Level 0.1 Evocations


You couldn't memorise any spells.
You didn't know any spells.
Your spell library was empty.

Dungeon Overview and Level Annotations

Branches:
Dungeon (5/15)
 Temple: D:4-7

Altars:


Message History

The orc throws a boomerang.
The boomerang hits you.
The orc throws a boomerang.
The boomerang hits you.
Found a stone staircase leading up.
An orc comes into view. It is wielding a +2 mace of draining.
The orc wizard casts a spell at you. The magic dart hits you!
Ouch! That really hurt!
* * * LOW HITPOINT WARNING * * *
Found 14 gold pieces.
There is a stone staircase leading up here.
You climb upwards.
There is a stone staircase leading down here.
Found 10 gold pieces.
The ball python completely misses you. The ball python barely misses you.
You barely miss the ball python.
The ball python bites you but does no damage.
The ball python grabs you. The ball python constricts you.
You closely miss the ball python. The ball python closely misses you.
The ball python constricts you.
You hit the ball python but do no damage.
The ball python bites you but does no damage.
The ball python constricts you.
You hit the ball python.
You kill the ball python!
You start resting.
HP restored.
A hobgoblin comes into view.
Found a fluorescent wand.
You barely miss the orc.
The orc hits you with a +0 mace of holy wrath!
You convulse!
Ouch! That really hurt!
* * * LOW HITPOINT WARNING * * *
You closely miss the orc. The orc hits you but does no damage.
You hit the orc but do no damage. The orc closely misses you.
Okay, then.
Unknown command.
You feel yourself speed up.
The orc hits you with a +0 mace of holy wrath.
You die...

#########
.......>#
######..###
#..@.#
#.o#.#
#..#.#
#..#.#
#..#.#
......
....#.##
...$#.#
##...#..


You could see an orc.

Vanquished Creatures
  A ball python (D:4)
1 creature vanquished.

Notes
Turn   | Place    | Note
-------+----------+-------------------------------------------
     0 | D:5      | flotson the Demonspawn Delver began the quest for the Orb.
     0 | D:5      | Reached XP level 1. HP: 18/18 MP: 1/1
    19 | D:5      | Noticed an orc wizard
    99 | D:4      | Slain by an orc

Illustrated notes

Levels and vault maps discovered:
D:4:      layout_basic, gammafunk_ghost_grave
D:5:      layout_loops_ring

Action                   || total
-------------------------++-------
Melee: Whip              ||     7
  Use: Potion            ||     1
Armor: Leather armour    ||     3
Dodge: Dodged            ||     4

Table legend: (Time is in decaauts)
 A = Elapsed time spent in this place.
 B = Non-inter-level travel time spent in this place.
 C = Inter-level travel time spent in this place.
 D = Time resting spent in this place.
 E = Time spent auto-exploring this place.
 F = Levels seen in this place.
 G = Mean time per level.
                   A        B        C        D        E       F      G
               +--------+--------+--------+--------+--------+-----+--------+
         Total |     98 |     98 |      0 |     42 |      8 |   2 |   49.0 |
       Dungeon |     98 |     98 |      0 |     42 |      8 |   2 |   49.0 |
               +--------+--------+--------+--------+--------+-----+--------+

Top non-repeatable levels by time:
     D:4: 63 daAuts
     D:5: 35 daAuts
